 Dungeon Crawl Stone Soup version 0.31-a0-496-g6f97920a28 (webtiles) character file.

Game seed: 7628857362028110922

13958 pokeman the Eclecticist (level 11, -7/61 HPs)
             Began as a Deep Elf Hedge Wizard on Aug 9, 2023.
             Was a Priest of Vehumet.
             Hit by a stone thrown by a skeletal warrior (17 damage)
             ... on level 12 of the Dungeon.
             The game lasted 00:29:19 (13310 turns).

pokeman the Eclecticist (Deep Elf Hedge Wizard)    Turns: 13310, Time: 00:29:19

Health: -7/61      AC: 11    Str:  7    XL:     11   Next: 82%
Magic:  20/32      EV: 13    Int: 24    God:    Vehumet [***...]
Gold:   428        SH:  0    Dex: 14    Spells: 18/40 levels left

rFire   + . .        K - +0 short sword (venom)
rCold   . . .        (no shield)
rNeg    . . .        w - +2 robe {rF+}
rPois   .            c - +0 hat
rElec   .            a - +0 cloak
rCorr   .            e - +0 pair of gloves
SInv    .            y - +0 pair of boots
Will    +....        I - amulet of regeneration
Stlth   +++          p - +4 ring of protection
HPRegen 1.10/turn    q - ring of wizardry
MPRegen 0.23/turn

%: wizardry (x1)
@: unable to drink
A: inability to drink after injury 1
a: Renounce Religion


You were on level 12 of the Dungeon.
You worshipped Vehumet.
Vehumet was most pleased with you.
You visited 1 branch of the dungeon, and saw 12 of its levels.

You collected 632 gold pieces.
You spent 204 gold pieces at shops.

Inventory:

Hand Weapons
 K - a +0 short sword of venom (weapon)
Missiles
 l - a throwing net
 x - 3 curare-tipped darts
Armour
 a - a +0 cloak (worn)
 c - a +0 hat (worn)
 e - a +0 pair of gloves (worn)
 w - a +2 robe of fire resistance (worn)
 y - a +0 pair of boots (worn)
 C - a +1 leather armour of cold resistance
 O - a +0 buckler
Jewellery
 p - a +4 ring of protection (left hand)
 q - a ring of wizardry (right hand)
 t - a ring of protection from cold
 I - an amulet of regeneration (around neck)
 M - a ring of fire
Wands
 D - a wand of mindburst (14)
 H - a wand of light (2)
 N - a wand of roots (5)
Scrolls
 b - 3 scrolls of torment {unknown}
 f - 2 scrolls of noise {unknown}
 g - 8 scrolls of identify {unknown}
 j - 4 scrolls of enchant armour {unknown}
 m - a scroll of butterflies {unknown}
 n - 4 scrolls of blinking {unknown}
 o - a scroll of brand weapon {unknown}
 r - a scroll of silence {unknown}
 s - 5 scrolls of teleportation {unknown}
 B - a scroll of vulnerability {unknown}
 F - a scroll of revelation {unknown}
 J - a scroll of fear {unknown}
 L - a scroll of amnesia {unknown}
Potions
 d - 3 potions of magic
 i - 2 potions of mutation {unknown}
 k - 4 potions of heal wounds {unknown}
 u - 2 potions of cancellation {unknown}
 v - 4 potions of haste {unknown}
 z - a potion of brilliance {unknown}
 A - 4 potions of curing
 E - a potion of berserk rage {unknown}
 G - 3 potions of degeneration {unknown}
Miscellaneous
 h - a lightning rod (4/4)


   Skills:
 - Level 4.0 Fighting
 + Level 3.4 Armour
 - Level 3.9 Dodging
 - Level 4.3 Stealth
 - Level 3.0 Shields
 * Level 15.2 Spellcasting
 + Level 9.0 Conjurations
 + Level 7.8 Summonings
 + Level 8.3 Necromancy
 - Level 1.1 Translocations
 - Level 1.0 Air Magic
 - Level 1.0 Poison Magic


You had 18 spell levels left.
You knew the following spells:

 Your Spells              Type           Power      Damage    Failure   Level
a - Magic Dart            Conj           100%       1d8       1%          1
b - Mephitic Cloud        Conj/Pois/Air  36%        N/A       1%          3
c - Call Imp              Summ           100%       N/A       1%          2
d - Blink                 Tloc           46%        N/A       1%          2
e - Iskenderun's Mystic   Conj/Tloc      42%        2d10      1%          4
f - Stone Arrow           Conj/Erth      78%        3d11      1%          3
g - Haunt                 Necr/Summ      27%        N/A       34%         7

Your spell library contained the following spells:

 Spells                   Type           Power      Damage    Failure   Level
 Sticky Flame             Conj/Fire      39%        2d6       1%          4
 Apportation              Tloc           46%        N/A       1%          1
 Sandblast                Erth           36%        2d10      1%          1
 Slow                     Hex            72%        N/A       1%          1
 Cigotuvi's Dreadful Rot  Necr/Pois/Air  70%        N/A       1%          2
 Passwall                 Tmut/Erth      15%        N/A       1%          2
 Poisonous Vapours        Pois/Air       46%        N/A       1%          2
 Call Canine Familiar     Summ           54%        N/A       1%          3
 Animate Dead             Necr           55%        N/A       1%          4
 Olgreb's Toxic Radiance  Pois           23%        N/A       2%          4
 Portal Projectile        Hex/Tloc       40%        N/A       3%          3
 Tukima's Dance           Hex            18%        N/A       4%          3
 Borgnjor's Vile Clutch   Necr/Erth      19%        N/A       6%          5
 Death Channel            Necr           27%        N/A       6%          6
 Leda's Liquefaction      Hex/Erth       9%         N/A       12%         4
 Alistair's Intoxication  Tmut/Pois      13%        N/A       26%         5
 Monstrous Menagerie      Summ           27%        N/A       38%         7
 Borgnjor's Revivificati  Necr           27%        N/A       92%         8
 Death's Door             Necr           27%        N/A       100%        9


Dungeon Overview and Level Annotations

Branches:
Dungeon (12/15)            Temple (0/1) D:7            Lair (0/5) D:9
    Orc (0/2) D:11

Altars:
Cheibriados
Makhleb
Okawaru
Trog
Vehumet

Shops:
D:6 (   D:10 !

Annotations:
D:6 1 runed translucent door, oldmanjim's ghost, novice BaSh


Innate Abilities, Weirdness & Mutations

You occasionally lose the ability to drink potions when taking damage.


Message History

Aiming: Stone Arrow (safe; 1% risk of failure)
Press: ? - help, Shift-Dir - straight line, f - skeletal warrior
Aim: a skeletal warrior, wielding a +0 battleaxe and wearing a +0 ring mail (77% to hit)
The stone arrow hits the skeletal warrior but does no damage.
The skeletal warrior closely misses you.
Unknown command.
Casting: Stone Arrow (safe; 1% risk of failure)
Confirm with . or Enter, or press ? or * to list all spells.
Aiming: Stone Arrow (safe; 1% risk of failure)
Press: ? - help, Shift-Dir - straight line, f/p - skeletal warrior
Aim: a skeletal warrior, wielding a +0 battleaxe and wearing a +0 ring mail (77% to hit)
The stone arrow hits the skeletal warrior!!
The skeletal warrior is moderately damaged.
The skeletal warrior hits you from afar with a +0 glaive!!
The skeletal warrior throws a stone.
The stone hits you!
The skeletal warrior hits you with a +0 battleaxe!
You feel threatened and lose the ability to drink potions!
Casting: Stone Arrow (safe; 1% risk of failure)
Confirm with . or Enter, or press ? or * to list all spells.
Aiming: Stone Arrow (safe; 1% risk of failure)
Press: ? - help, Shift-Dir - straight line, f/p - skeletal warrior
Aim: a skeletal warrior, wielding a +0 battleaxe and wearing a +0 ring mail (moderately damaged, 77% to hit)
The stone arrow hits the skeletal warrior!
The skeletal warrior is heavily damaged.
The skeletal warrior hits you from afar with a +0 glaive.
* * * LOW HITPOINT WARNING * * *
The skeletal warrior throws a stone.
The stone hits you.
* * * LOW HITPOINT WARNING * * *
The skeletal warrior hits you with a +0 battleaxe.
* * * LOW HITPOINT WARNING * * *
Casting: Stone Arrow (safe; 1% risk of failure)
Confirm with . or Enter, or press ? or * to list all spells.
You erupt in a blast of force!
The mystic blast hits the skeletal warrior!
The skeletal warrior is lightly damaged.
The skeletal warrior is knocked back by the mystic blast.
The mystic blast hits the skeletal warrior but does no damage.
The skeletal warrior is heavily damaged.
The skeletal warrior throws a stone.
The stone hits you!
You die...

#.................
#.................
#.................
#.................
#.................
#.................
#.................
#)..........~~~~~.
#@...z......~≈~≈~.
#z..........~≈≈≈~.
#<.)........~≈≈≈~.
#...z.......~~z~~.
#.................
#.................
#.................
#.................
#.................


You could see 3 skeletal warriors.

Vanquished Creatures
  5 two-headed ogres
  Sonja (D:10)
  2 skeletal warriors
  An ugly thing (D:12)
  A cyclops (D:11)
  Maggie (D:7)
  A gargoyle (D:12)
  An unseen horror (D:11)
  An ice devil (D:12)
  Grinder (D:3)
  2 hornets
  Prince Ribbit (D:8)
  4 shadows
  2 water elementals (D:12)
  5 yaks (D:8)
  2 wraiths
  4 vampire mosquitoes (D:11)
  2 steam dragons
  A chaos spawn (D:12)
  A neqoxec (D:12)
  Duvessa (D:7)
  An acid dragon (D:12)
  3 water moccasins
  A sky beast (D:6)
  5 orc warriors
  A black bear (D:4)
  An ice beast (D:7)
  An ogre (D:5)
  4 centaurs
  3 phantoms
  A kobold brigand (D:7)
  4 bullfrogs
  Dowan (D:7)
  5 wights (D:8)
  4 killer bees (D:8)
  2 electric eels (D:12)
  3 howler monkeys
  4 quasits (D:12)
  A hound (D:6)
  A gnoll bouda (D:8)
  4 orc priests
  3 sleepcaps
  2 iguanas (D:6)
  12 orc wizards
  8 gnolls
  16 adders
  A shadow imp (D:8)
  An ufetubus (D:4)
  A worm (D:2)
  4 dart slugs
  43 orcs
  8 endoplasms
  3 giant cockroaches
  3 hobgoblins
  12 kobolds
  5 quokkas
  8 ball pythons
  7 bats
  4 frilled lizards
  8 goblins
  4 rats
243 creatures vanquished.

Vanquished Creatures (collateral kills)
  An orc (D:7)
1 creature vanquished.

Grand Total: 244 creatures vanquished

Notes
Turn   | Place    | Note
-------+----------+-------------------------------------------
     0 | D:1      | pokeman the Deep Elf Hedge Wizard began the quest for the
                  | Orb.
     0 | D:1      | Reached XP level 1. HP: 10/10 MP: 7/7
   277 | D:1      | Reached XP level 2. HP: 16/16 MP: 5/9
   811 | D:1      | Reached skill level 5 in Spellcasting
   977 | D:1      | Found a faded altar of an unknown god.
  1165 | D:2      | Reached XP level 3. HP: 20/20 MP: 9/11
  1169 | D:2      | Learned a level 3 spell: Mephitic Cloud
  1172 | D:2      | Learned a level 2 spell: Call Imp
  1175 | D:2      | Learned a level 2 spell: Blink
  1354 | D:2      | Reached skill level 1 in Fighting
  1700 | D:2      | Reached skill level 1 in Armour
  2186 | D:3      | Reached XP level 4. HP: 25/25 MP: 7/13
  2318 | D:3      | Noticed Grinder
  2353 | D:3      | Paralysed by Grinder for 4 turns
  2379 | D:3      | Killed Grinder
  2380 | D:3      | Reached skill level 6 in Spellcasting
  2380 | D:3      | Reached XP level 5. HP: 11/29 MP: 4/16
  2380 | D:3      | Reached XP level 6. HP: 13/34 MP: 4/17
  2621 | D:3      | Got the Information on the Flock and Toxicants
  2641 | D:3      | Found an iron altar of Okawaru.
  2793 | D:3      | Reached skill level 7 in Spellcasting
  3204 | D:3      | You fall into a shaft and drop 3 floors!
  3299 | D:6      | Noticed an orc warrior
  3305 | D:5      | Entered Level 5 of the Dungeon
  3487 | D:4      | Found a snail-covered altar of Cheibriados.
  3616 | D:4      | Reached skill level 1 in Poison Magic
  3616 | D:4      | Reached XP level 7. HP: 12/38 MP: 15/20
  3875 | D:4      | Found a radiant altar of Vehumet.
  3885 | D:4      | Became a worshipper of Vehumet
  4144 | D:4      | Reached skill level 8 in Spellcasting
  4144 | D:4      | Reached skill level 1 in Air Magic
  4155 | D:4      | Learned a level 7 spell: Haunt
  5356 | D:5      | Reached skill level 1 in Necromancy
  5538 | D:5      | Learned a level 4 spell: Iskenderun's Mystic Blast
  5914 | D:6      | Reached XP level 8. HP: 38/44 MP: 15/22
  5963 | D:6      | Noticed a hornet
  5973 | D:6      | Paralysed by a hornet for 2 turns
  5975 | D:6      | Killed a hornet
  5976 | D:6      | Reached skill level 9 in Spellcasting
  6362 | D:6      | Found a runed translucent door.
  6362 | D:6      | Noticed oldmanjim's ghost (novice BaSh)
  6541 | D:6      | Reached skill level 5 in Conjurations
  6689 | D:6      | Found Sogoedan's Weapon Shop.
  6848 | D:7      | Reached skill level 10 in Spellcasting
  6862 | D:7      | Reached * piety under Vehumet
  6862 | D:7      | Offered knowledge of Sandblast by Vehumet.
  6917 | D:7      | Noticed Duvessa
  6920 | D:7      | Noticed Dowan
  6929 | D:7      | Killed Duvessa
  6930 | D:7      | Reached skill level 1 in Shields
  6930 | D:7      | Reached XP level 9. HP: 43/48 MP: 4/25
  6940 | D:7      | Killed Dowan
  7151 | D:7      | Found a staircase to the Ecumenical Temple.
  7177 | D:7      | Noticed Maggie
  7204 | D:7      | Killed Maggie
  7440 | D:7      | Reached skill level 11 in Spellcasting
  7673 | D:7      | Learned a level 3 spell: Stone Arrow
  8102 | D:8      | Offered knowledge of Searing Ray by Vehumet.
  8103 | D:8      | Reached ** piety under Vehumet
  8295 | D:8      | Reached skill level 5 in Necromancy
  8434 | D:8      | Noticed Prince Ribbit
  8442 | D:8      | Killed Prince Ribbit
  8460 | D:8      | Reached skill level 5 in Summonings
  8588 | D:8      | Offered knowledge of Ignite Poison by Vehumet.
  8589 | D:8      | Reached skill level 12 in Spellcasting
  8732 | D:8      | Reached XP level 10. HP: 53/53 MP: 22/28
  9314 | D:9      | Noticed a two-headed ogre
  9333 | D:9      | Killed a two-headed ogre
  9495 | D:9      | Reached skill level 13 in Spellcasting
  9564 | D:9      | Noticed a two-headed ogre
  9571 | D:9      | Killed a two-headed ogre
  9891 | D:9      | Found a burning altar of Makhleb.
  9891 | D:9      | Found a bloodstained altar of Trog.
  9898 | D:9      | Reached *** piety under Vehumet
 10241 | D:9      | Found a staircase to the Lair.
 10336 | D:10     | Entered Level 10 of the Dungeon
 10521 | D:10     | Noticed Sonja
 10528 | D:10     | Killed Sonja
 10681 | D:10     | Found Umul's Distillery.
 10686 | D:10     | Bought a potion of magic for 96 gold pieces
 10686 | D:10     | Bought a potion of curing for 36 gold pieces
 10686 | D:10     | Bought a potion of curing for 36 gold pieces
 10686 | D:10     | Bought a potion of curing for 36 gold pieces
 11014 | D:10     | Reached XP level 11. HP: 55/59 MP: 27/30
 11439 | D:11     | Reached skill level 14 in Spellcasting
 11592 | D:11     | Offered knowledge of Sticky Flame by Vehumet.
 11927 | D:11     | Found a staircase to the Orcish Mines.
 12003 | D:12     | Noticed a two-headed ogre
 12010 | D:12     | Killed a two-headed ogre
 12015 | D:12     | Noticed a two-headed ogre
 12027 | D:12     | Killed a two-headed ogre
 12232 | D:12     | Noticed a two-headed ogre
 12240 | D:12     | Killed a two-headed ogre
 12448 | D:12     | Noticed a brown ugly thing
 12465 | D:12     | Killed a brown ugly thing
 12600 | D:12     | Noticed a skeletal warrior
 12600 | D:12     | Noticed a skeletal warrior
 12639 | D:12     | Killed a skeletal warrior
 12640 | D:12     | Reached skill level 15 in Spellcasting
 12787 | D:12     | Gained mutation: You occasionally lose the ability to drink
                  | potions when taking damage. [a neqoxec]
 12821 | D:12     | Noticed a skeletal warrior
 12836 | D:12     | Noticed a skeletal warrior
 12837 | D:12     | Noticed a skeletal warrior
 12862 | D:11     | Killed a skeletal warrior
 13310 | D:12     | Hit by a stone thrown by a skeletal warrior

Illustrated notes

Levels and vault maps discovered:
D:1:      dpeg_arrival_pits, layout_basic,
          hellmonk_ecumenical_altar_inner_sanctum, minmay_tiny_reverse_x
D:2:      layout_loops_corners, minmay_pentomino_o4
D:3:      layout_loops_ring, mainiacjoe_overflow_boulevard,
          corexii_leaking_fountain, minmay_misc_feat_square, uniq_grinder
D:4:      layout_loops_ring, mainiacjoe_overflow_paths, pf_just_have_faith,
          serial_forest, infiniplex_forest_end_3,
          infiniplex_forest_clump_diagonal, infiniplex_forest_zigzag_1,
          infiniplex_forest_straight_4, infiniplex_forest_lined_room_2,
          infiniplex_forest_clump_double, infiniplex_forest_clump_double,
          chequers_avenue
D:5:      layout_cave_pods
D:6:      layout_rooms, serial_shops, nicolae_shop_tiny_real_fake_doors,
          hellmonk_ghost_happy_afterlife
D:7:      nicolae_BIG_FREAKIN_CUBE, layout_loops_ring,
          minmay_temple_entry_stoned_glass, dk_noncrumbling_2, uniq_duvessa,
          uniq_maggie
D:8:      layout_loops_corners, uniq_prince_ribbit1
D:9:      layout_basic, mainiacjoe_overflow_large_starburst, lair_entry_dummy
D:10:     layout_roguey, serial_shops, nicolae_shop_trees, uniq_sonja
D:11:     layout_basic, orc_0_dummy, nicolae_concentric_dashed_squares_wild
D:12:     layout_big_octagon, serial_demonic, serial_demonic_d,
          serial_demonic_b, serial_demonic_f, serial_demonic_c,
          serial_demonic_e, serial_demonic_b, nicolae_qazlal_general_emergency

Skill      XL: |  1  2  3  4  5  6  7  8  9 10 11 |
---------------+----------------------------------+-----
Spellcasting   | 5 6 7 8 10 12 13 15 | 15.2
Fighting       | 1 2 4 |  4.0
Armour         | 1 2 3 |  3.4
Conjurations   | 2 3 4 5 6 7 9 |  9.0
Dodging        | 3 |  3.9
Stealth        | 3 4 |  4.3
Poison Magic   | 1 |  1.0
Air Magic      | 1 |  1.0
Necromancy     | 1 3 5 7 8 |  8.3
Summonings     | 2 3 5 6 7 |  7.8
Shields        | 1 3 |  3.0
Translocations | |  1.1

Action                     |  1- 3 |  4- 6 |  7- 9 | 10-12 || total
---------------------------+-------+-------+-------+-------++-------
  Melee: Spear             |    13 |    49 |   213 |    68 ||   343
         Punch             |       |       |     2 |     2 ||     4
         Short sword       |       |       |       |    25 ||    25
   Cast: Magic Dart        |   102 |    77 |   174 |    22 ||   375
         Mephitic Cloud    |     1 |     2 |    25 |    25 ||    53
         Call Imp          |       |     3 |     7 |       ||    10
         Blink             |       |     2 |     2 |     1 ||     5
         Iskenderun's Myst |       |       |    11 |    25 ||    36
         Stone Arrow       |       |       |    13 |   121 ||   134
  Evoke: Wand              |       |       |       |     5 ||     5
   Stab: Confused          |       |     1 |    22 |     7 ||    30
         Sleeping          |       |     1 |     1 |       ||     2
         Distracted        |       |       |     2 |       ||     2
 Armour: Robe              |     7 |    15 |    51 |    54 ||   127
  Dodge: Dodged            |    19 |    47 |    92 |    76 ||   234

Table legend: (Time is in decaauts)
 A = Elapsed time spent in this place.
 B = Non-inter-level travel time spent in this place.
 C = Inter-level travel time spent in this place.
 D = Time resting spent in this place.
 E = Time spent auto-exploring this place.
 F = Levels seen in this place.
 G = Mean time per level.
                   A        B        C        D        E       F      G
               +--------+--------+--------+--------+--------+-----+--------+
         Total |  13362 |  12951 |    411 |   1153 |   9783 |  12 | 1113.5 |
       Dungeon |  13362 |  12951 |    411 |   1153 |   9783 |  12 | 1113.5 |
               +--------+--------+--------+--------+--------+-----+--------+

Top non-repeatable levels by time:
    D:11: 1455 daAuts
     D:4: 1340 daAuts
     D:8: 1322 daAuts
     D:3: 1225 daAuts
     D:7: 1216 daAuts
     D:5: 1185 daAuts
     D:2: 1164 daAuts
     D:9: 1048 daAuts
     D:1: 1016 daAuts
     D:6: 851 daAuts
    D:12: 774 daAuts
    D:10: 761 daAuts
